Map: Jar Graystone

Players

Леночка

  • Race: Terran Terran
  • Spawn Location: 9:00

NakNak

  • Race: Terran Terran
  • Spawn Location: 11:00

zEro

  • Race: Protoss Protoss
  • Spawn Location: 5:00

Gracz

  • Race: Protoss Protoss
  • Spawn Location: 3:00

VOD

Have the link to the VOD?

Description

Time

  • Played on: Feb. 26, 2016, 7:20 p.m.
  • Length: 9:18
Show
View Real Time Build Order
Export as new Build Order

Леночка Terran 

Build Orders: Command Center First (CC), MMM Bio 

Get SALT Encoding   

  12  0:03  SCV  
  13  0:17  SCV  
  13  0:21  Supply Depot  
  14  0:44  SCV  
  15  0:55  Command Center  
  15  0:59  SCV  
  16  1:04  Refinery  
  16  1:11  SCV  
  17  1:21  Barracks  
  17  1:29  SCV  
  18  1:41  SCV  
  19  1:50  Barracks  
  19  1:53  SCV  
  20  2:07  Orbital Command x2  
  20  2:11  Marine  
  21  2:22  Factory  
  22  2:31  Barracks Reactor  
  21  2:38  SCV  
  21  2:39  SCV  
  21  2:43  Engineering Bay  
  23  2:47  Engineering Bay  
  23  2:52  Refinery, SCV  
  23  2:53  Marine  
  25  3:01  SCV  
  25  3:03  Refinery  
  25  3:04  SCV  
  27  3:10  Terran Infantry Weapons Level 1  
  27  3:11  Marine  
  27  3:12  Marine  
  29  3:14  Marine  
  29  3:17  SCV  
  31  3:25  Factory Tech Lab  
  31  3:32  SCV x2  
  31  3:33  Marine  
  31  3:34  Marine  
  35  3:41  Terran Infantry Armor Level 1  
  35  3:43  Barracks Tech Lab  
  35  3:44  SCV x2  
  37  3:51  Supply Depot  
  37  3:55  Supply Depot  
  37  3:56  SCV  
  38  4:04  Stimpack  
  38  4:12  Marine x3  
  38  4:13  Siege Tank, SCV x2  
  46  4:19  Armory  
  46  4:25  SCV x2  
  46  4:28  Refinery  
  46  4:30  Marine x2  
  50  4:32  Marine  
  50  4:37  SCV x2  
  53  4:41  Barracks  
  53  4:48  Marine  
  54  4:54  Supply Depot  
  54  4:56  Supply Depot  
  54  5:00  Supply Depot  
  54  5:02  Supply Depot  
  54  5:06  Terran Infantry Weapons Level 2  
  54  5:16  Marine, Siege Tank  
  54  5:17  SCV  
  54  5:18  Starport  
  59  5:25  SCV  
  60  5:29  SCV  
  60  5:32  Marine  
  62  5:37  Marine x2, SCV  
  62  5:41  SCV  
  66  5:46  Marine  
  66  5:48  Siege Tank  
  70  5:55  Marine x2, SCV  
  70  5:56  SCV  
  74  5:58  Command Center  
  74  6:00  Starport Reactor  
  74  6:02  Barracks Reactor  
  74  6:07  Missile Turret, SCV  
  74  6:08  SCV  
  76  6:14  Missile Turret, Terran Infantry Armor Level 2  
  76  6:17  Marine  
  76  6:18  Marine  
  78  6:20  SCV  
  78  6:21  Combat Shields  
  78  6:23  Siege Tank  
  82  6:37  Marine  
  82  6:39  Medivac  
  85  6:46  Supply Depot  
  85  6:47  Supply Depot  
  85  6:48  Supply Depot  
  85  6:49  Supply Depot  
  85  6:55  SCV  
  86  7:04  Supply Depot  
  86  7:08  Marine x4, Medivac, SCV, Marauder  
  94  7:14  Terran Vehicle Weapons Level 1  
  95  7:21  Supply Depot  
  95  7:22  SCV  
  96  7:25  Orbital Command  
  96  7:28  Marine  
  96  7:29  Marine x3, Marauder  
  102  7:37  Barracks  
  102  7:40  Barracks x2  
  102  8:14  Medivac x2  
  102  8:15  Marine  
  102  8:16  Marine x2, Siege Tank  
  102  8:18  Marine x2  
  114  8:21  Barracks  
  114  8:23  Barracks  
  114  8:24  Barracks  
  97  8:59  Marine x3  
  97  9:00  Marine  
  103  9:15  Refinery  
  105  9:18  Refinery  
Show
View Real Time Build Order
Export as new Build Order

NakNak Terran 

Build Orders: Reaper Expand, MMM Bio 

Get SALT Encoding   

  12  0:01  SCV  
  13  0:13  SCV  
  14  0:23  Supply Depot  
  14  0:25  SCV  
  15  0:41  Refinery  
  15  0:45  SCV  
  15  0:46  Barracks  
  16  0:57  SCV  
  17  1:09  SCV  
  18  1:21  SCV  
  19  1:33  Refinery  
  19  1:35  Reaper  
  20  1:43  Command Center  
  20  1:47  Orbital Command  
  20  2:07  Supply Depot  
  20  2:22  Barracks Tech Lab  
  20  2:26  Factory  
  20  2:27  SCV  
  21  2:39  SCV  
  22  2:44  Barracks  
  22  2:46  Stimpack  
  22  2:51  SCV  
  23  2:53  Supply Depot  
  23  2:59  Marauder  
  23  3:03  SCV  
  27  3:07  Orbital Command  
  26  3:28  Starport  
  26  3:29  SCV  
  26  3:33  Barracks Reactor  
  27  3:37  SCV  
  27  3:41  SCV  
  29  3:52  Marauder  
  29  3:53  SCV  
  32  4:02  SCV  
  32  4:10  Barracks x2  
  32  4:11  Medivac  
  32  4:13  Marine  
  32  4:15  SCV  
  36  4:20  Supply Depot x2  
  36  4:21  Widow Mine  
  38  4:25  SCV  
  38  4:28  Marine x2  
  38  4:31  Marine  
  41  4:34  SCV  
  41  4:37  Refinery  
  43  4:41  Engineering Bay  
  43  4:42  SCV  
  44  5:01  Supply Depot  
  44  5:04  Supply Depot  
  44  5:05  Medivac, SCV  
  44  5:07  Barracks Tech Lab  
  47  5:09  Barracks Reactor x2  
  47  5:11  Marine x2  
  49  5:17  Terran Infantry Weapons Level 1  
  49  5:20  Missile Turret, SCV  
  50  5:22  Missile Turret  
  50  5:26  Supply Depot  
  50  5:29  Marine x2  
  50  5:30  Supply Depot, Siege Tank  
  55  5:39  Marauder  
  55  5:42  Combat Shields  
  57  5:47  Marine x2  
  59  5:58  Barracks Tech Lab  
  59  5:59  Marine x2  
  59  6:00  Marine  
  59  6:02  Siege Tank  
  65  6:04  Marine  
  65  6:05  Marine  
  67  6:14  Medivac  
  67  6:16  Medivac  
  67  6:17  Marine x2  
  67  6:18  Marine  
  74  6:21  Refinery  
  74  6:22  Marine x2, SCV  
  74  6:24  SCV  
  78  6:34  SCV  
  78  6:35  Marine x2  
  78  6:36  Marauder  
  78  6:37  SCV  
  78  6:38  Marauder  
  86  6:40  Marine x2  
  88  6:47  Medivac x2  
  88  6:53  Marine x2  
  94  7:08  SCV  
  95  7:10  Siege Tank  
  95  7:11  Marine x2  
  95  7:12  Marine x2  
  102  7:16  Supply Depot  
  102  7:18  Supply Depot  
  102  7:19  Supply Depot  
  102  7:38  Marine x4  
  105  7:56  Marauder x2  
  109  8:03  Marine x4  
  113  8:17  Supply Depot, Marauder x2  
  117  8:20  Marine  
  117  8:22  Supply Depot  
  118  8:28  Marine x2  
  120  8:39  Marauder x2  
Show
View Real Time Build Order
Export as new Build Order

zEro Protoss 

Build Orders:  

Get SALT Encoding   

  12  0:03  Probe (Chrono Boost)  
  13  0:28  Probe (Chrono Boost)  
  14  0:38  Pylon, Probe (Chrono Boost)  
  15  0:56  Probe (Chrono Boost)  
  16  1:00  Forge  
  16  1:06  Gateway, Probe (Chrono Boost)  
  16  1:08  Gateway  
  17  1:17  Probe (Chrono Boost)  
  18  1:28  Probe (Chrono Boost)  
  19  1:38  Probe (Chrono Boost)  
  20  1:49  Probe (Chrono Boost)  
  21  1:57  Photon Cannon  
  21  2:01  Pylon  
  21  2:13  Pylon  
  20  2:39  Photon Cannon  
  20  2:43  Photon Cannon  
  20  2:50  Probe (Chrono Boost)  
  20  2:51  Cybernetics Core  
  21  2:54  Zealot x2  
  25  3:00  Probe (Chrono Boost)  
  25  3:01  Assimilator  
  26  3:07  Pylon  
  26  3:11  Probe (Chrono Boost)  
  27  3:15  Pylon  
  27  3:21  Probe (Chrono Boost)  
  28  3:32  Probe (Chrono Boost)  
  29  3:42  Pylon  
  29  3:44  Assimilator  
  29  3:56  Pylon  
  29  3:59  Nexus  
  29  4:06  Gateway  
  29  4:08  Gateway  
  29  4:11  Gateway  
  29  4:16  Gateway  
  29  4:38  Photon Cannon  
  29  4:40  Photon Cannon  
  29  4:43  Photon Cannon  
  29  4:50  Photon Cannon  
  29  4:53  Pylon  
  29  5:00  Stargate  
  29  5:11  Gateway  
  29  5:13  Gateway  
  29  5:18  Gateway  
  29  5:25  Pylon  
  29  5:30  Pylon  
  29  5:44  Photon Cannon  
  29  5:45  Photon Cannon  
  29  5:48  Stargate  
  29  5:55  Probe (Chrono Boost)  
  30  6:01  Assimilator  
  30  6:05  Assimilator, Probe (Chrono Boost)  
  30  6:07  Probe (Chrono Boost)  
  32  6:16  Probe (Chrono Boost)  
  32  6:17  Probe (Chrono Boost)  
  34  6:26  Probe (Chrono Boost)  
  34  6:28  Probe (Chrono Boost)  
  36  6:33  Stargate  
  36  6:37  Stargate, Probe (Chrono Boost)  
  36  6:38  Probe (Chrono Boost)  
  38  6:44  Gateway, Photon Cannon  
  38  6:49  Probe (Chrono Boost)  
  39  6:55  Probe (Chrono Boost)  
  39  6:59  Probe (Chrono Boost)  
  41  7:05  Probe (Chrono Boost)  
  42  7:10  Probe (Chrono Boost)  
  42  7:11  Pylon  
  43  7:16  Probe (Chrono Boost)  
  43  7:21  Probe (Chrono Boost), Photon Cannon  
  45  7:23  Photon Cannon  
  45  7:27  Probe (Chrono Boost)  
  46  7:31  Probe (Chrono Boost)  
  47  7:37  Probe (Chrono Boost), Twilight Council  
  48  7:47  Pylon  
  48  7:52  Stalker x2  
  48  7:55  Stalker  
  54  8:02  Stalker  
  56  8:12  Stalker  
  58  8:14  Stalker  
  60  8:22  Probe (Chrono Boost)  
  61  8:33  Probe (Chrono Boost)  
  56  8:43  Probe (Chrono Boost), Zealot x3  
  63  8:54  Probe (Chrono Boost)  
Show
View Real Time Build Order
Export as new Build Order

Gracz Protoss 

Build Orders:  

Get SALT Encoding   

  12  0:04  Probe (Chrono Boost)  
  13  0:13  Assimilator  
  13  0:21  Assimilator  
  13  0:31  Pylon  
  13  0:42  Pylon  
  13  0:43  Probe (Chrono Boost)  
  14  0:54  Probe (Chrono Boost)  
  15  1:04  Probe (Chrono Boost)  
  16  1:15  Probe (Chrono Boost)  
  17  1:25  Probe (Chrono Boost)  
  18  1:38  Gateway  
  18  1:44  Gateway  
  18  1:45  Gateway  
  18  1:57  Gateway  
  18  2:12  Pylon  
  18  2:31  Probe (Chrono Boost)  
  19  2:41  Probe (Chrono Boost)  
  20  2:52  Probe (Chrono Boost), Cybernetics Core  
  21  3:05  Forge  
  21  3:29  Stalker (Chrono Boost)  
  21  3:32  Stalker x3 (Chrono Boost)  
  29  3:48  Probe  
  28  4:00  Probe  
  29  4:22  Nexus  
  29  4:27  Warp Gate (Chrono Boost)  
  29  4:32  Assimilator  
  29  4:35  Assimilator  
  30  4:45  Pylon, Probe  
  30  4:52  Protoss Shields Level 1 (Chrono Boost)  
  30  4:57  Stalker, Probe  
  33  5:19  Pylon  
  33  5:23  Pylon  
  33  5:29  Pylon  
  33  5:33  Pylon  
  33  5:40  Stargate  
  33  5:43  Stargate  
  33  5:54  Stargate  
  33  6:03  Stargate  
  33  6:15  Stargate  
  33  6:43  Photon Cannon  
  33  6:47  Photon Cannon  
  33  6:49  Photon Cannon  
  33  6:51  Probe  
  34  7:00  Probe  
  35  7:02  Probe  
  36  7:12  Probe x2  
  38  7:19  Stalker  
  40  7:24  Probe  
  40  7:25  Stalker  
  13  8:11  Pylon  
  4  8:15  Pylon  
  3  8:21  Probe  
  4  8:32  Probe  
  8  8:48  Zealot  
Tags
 
Add a new tag
Caveats
  • Supply blocks, unpowered buildings, or Contaminate may cause inaccurate times.
  • Supply counts are checked every 10 seconds.